 Dungeon Crawl Stone Soup version 0.27-a0-1071-ga85bd9520d (webtiles) character file.

Game seed: 15649912138159606004

70 pokeman the Magician (level 4, -1/25 HPs)
             Began as a Deep Elf Hedge Wizard on Apr 24, 2021.
             Slain by Terence
             ... wielding a +2 hand axe of freezing
              (10 damage)
             ... on level 2 of the Dungeon.
             The game lasted 00:03:01 (1916 turns).

pokeman the Magician (Deep Elf Hedge Wizard)        Turns: 1916, Time: 00:03:02

Health: -1/25      AC:  3    Str:  7    XL:     4   Next: 3%
Magic:  8/13       EV: 12    Int: 20    God:
Gold:   43         SH:  0    Dex: 14    Spells: 3/14 levels left

rFire    . . .     SeeInvis .   b - +1 dagger (venom)
rCold    . . .     Faith    .   (no shield)
rNeg     . . .     Spirit   .   a - +0 leather armour
rPois    .         Reflect  .   c - +0 hat
rElec    .         Harm     .   (no cloak)
rCorr    .         Rampage  .   (no gloves)
Will     .....                  (no boots)
Stlth    ++........             (no amulet)
HPRegen  0.08/turn              (no ring)
MPRegen  0.13/turn              (no ring)

@: no status effects
A: no striking features
a: no special abilities


You were on level 2 of the Dungeon.
You visited 1 branch of the dungeon, and saw 2 of its levels.

You collected 43 gold pieces.

Inventory:

Hand Weapons
 b - a +1 dagger of venom (weapon)
Missiles
 d - 27 bolts
Armour
 a - a +0 leather armour (worn)
 c - a +0 hat (worn)
Scrolls
 f - a scroll of holy word {unknown}
 g - a scroll of fear {unknown}
 h - a scroll of identify {unknown}
Potions
 e - a potion of haste {unknown}
 i - a potion of heal wounds {unknown}


   Skills:
 - Level 1.0 Fighting
 - Level 1.0 Armour
 + Level 2.5 Dodging
 - Level 2.4 Stealth
 * Level 5.5 Spellcasting
 + Level 2.0 Conjurations
 - Level 1.1 Summonings
 - Level 1.1 Translocations
 + Level 0.0 Poison Magic


You had 3 spell levels left.
You knew the following spells:

 Your Spells              Type           Power      Damage    Failure   Level
a - Magic Dart            Conj           52%        1d5       7%          1
b - Mephitic Cloud        Conj/Pois/Air  8%         N/A       34%         3
c - Call Imp              Summ           9%         N/A       16%         2
d - Blink                 Tloc           N/A        N/A       16%         2
e - Conjure Flame         Conj/Fire      9%         6-21      30%         3

Your spell library contained the following spells:

 Spells                   Type           Power      Damage    Failure   Level
 Beastly Appendage        Tmut           10%        N/A       16%         1
 Slow                     Hex            5%         N/A       24%         2
 Wereblood                Tmut           5%         N/A       24%         2
 Spider Form              Tmut/Pois      2%         N/A       43%         3
 Ice Form                 Ice/Tmut       5%         N/A       85%         4
 Hydra Form               Tmut           2%         N/A       99%         5


Dungeon Overview and Level Annotations

Branches:
Dungeon (2/15)

Altars:
Fedhas

Annotations:
D:2 Terence


Message History

Casting: Magic Dart (safe; 7% risk of failure)
Confirm with . or Enter, or press ? or * to list all spells.
The spell is extremely dangerous to cast (34% risk of failure)!
Continue anyway?
Aiming: Mephitic Cloud (extremely dangerous; 34% risk of failure)
Press: ? - help, Shift-Dir - straight line, f - Terence
Aim: Terence, wielding a +2 hand axe of freezing and wearing a +0 chain mail (asleep, chance to affect: 91%)
The ball explodes into a vile cloud!
The stinking cloud engulfs Terence but does no damage.
Terence is engulfed in noxious fumes.
Unknown command.
Casting: Mephitic Cloud (extremely dangerous; 34% risk of failure)
Confirm with . or Enter, or press ? or * to list all spells.
The spell is extremely dangerous to cast (34% risk of failure)!
Continue anyway?
Aiming: Mephitic Cloud (extremely dangerous; 34% risk of failure)
Press: ? - help, Shift-Dir - straight line, f/p - Terence
Aim: Terence, wielding a +2 hand axe of freezing and wearing a +0 chain mail (lightly wounded, chance to affect: 91%)
The ball explodes into a vile cloud!
The stinking cloud engulfs Terence but does no damage.
Terence is lightly wounded.
Terence is engulfed in noxious fumes.
Unknown command.
Unknown command.
You hit Terence.
Terence is moderately wounded.
Terence is engulfed in noxious fumes.
Terence appears confused.
Terence hits you with a +2 hand axe of freezing.
Terence freezes you.
Unknown command.
You hit Terence but do no damage.
Terence is poisoned.
Terence is moderately wounded.
Terence is engulfed in noxious fumes.
Terence appears confused.
Terence hits you with a +2 hand axe of freezing.
Terence freezes you.
You hit Terence but do no damage.
Terence looks as sick as possible!
Terence is heavily wounded.
Terence is engulfed in noxious fumes.
Terence appears confused.
You hit Terence but do no damage.
Terence looks as sick as possible!
Terence is almost dead.
Terence hits you with a +2 hand axe of freezing!
You die...

#..................#
.#####.#.###..###.#
####.#.# #..###.###
#....#.###..##.....
#.#......)......###
#...(#.###..##...##
##.#.#.# #........#
#.###@#.#.###.###<..##
#....@........# ##.##
#####°######### #.#
#.# #.# ... ##'## .#.#
##...## .##.# ##.....#
## #.# ##...[... ...
#........ +........


You could see Terence (confused, extremely poisoned).

Vanquished Creatures
  3 adders (D:2)
  2 dart slugs (D:1)
  3 ball pythons
  5 endoplasms
  4 giant cockroaches
  4 goblins
  2 hobgoblins (D:1)
  4 jackals (D:1)
  2 kobolds (D:1)
  5 bats
  3 frilled lizards (D:1)
37 creatures vanquished.

Notes
Turn   | Place    | Note
-------+----------+-------------------------------------------
     0 | D:1      | pokeman the Deep Elf Hedge Wizard began the quest for the
                  | Orb.
     0 | D:1      | Reached XP level 1. HP: 10/10 MP: 7/7
   354 | D:1      | Reached XP level 2. HP: 16/16 MP: 5/9
   663 | D:1      | Reached skill level 5 in Spellcasting
  1054 | D:1      | Reached XP level 3. HP: 20/20 MP: 9/11
  1058 | D:1      | Learned a level 3 spell: Mephitic Cloud
  1061 | D:1      | Learned a level 2 spell: Call Imp
  1064 | D:1      | Learned a level 2 spell: Blink
  1068 | D:1      | Learned a level 3 spell: Conjure Flame
  1528 | D:2      | Reached skill level 1 in Fighting
  1660 | D:2      | Found a blossoming altar of Fedhas.
  1674 | D:2      | Reached skill level 1 in Armour
  1821 | D:2      | Reached XP level 4. HP: 25/25 MP: 10/13
  1909 | D:2      | Noticed Terence
  1916 | D:2      | Slain by Terence

Illustrated notes

Levels and vault maps discovered:
D:1:      shiori_arrival_elements, layout_basic
D:2:      minmay_spotlight, layout_loops_corners, basic_altar,
          uniq_crazy_yiuf_cottage, uniq_robin, uniq_jessica, uniq_terence

Skill      XL: |  1  2  3 |
---------------+----------+-----
Spellcasting   | 5 |  5.5
Fighting       | 1 |  1.0
Armour         | 1 |  1.0
Conjurations   | 2 |  2.0
Dodging        | |  2.5
Stealth        | |  2.4
Summonings     | |  1.1
Translocations | |  1.1

Action                   |  1- 3 |  4- 6 || total
-------------------------+-------+-------++-------
Melee: Dagger            |    17 |     4 ||    21
 Cast: Magic Dart        |    97 |     4 ||   101
       Call Imp          |     1 |       ||     1
       Mephitic Cloud    |       |     2 ||     2
Armor: Robe              |     4 |       ||     4
Dodge: Dodged            |    28 |       ||    28

Table legend: (Time is in decaauts)
 A = Elapsed time spent in this place.
 B = Non-inter-level travel time spent in this place.
 C = Inter-level travel time spent in this place.
 D = Time resting spent in this place.
 E = Time spent auto-exploring this place.
 F = Levels seen in this place.
 G = Mean time per level.
                   A        B        C        D        E       F      G
               +--------+--------+--------+--------+--------+-----+--------+
         Total |   1914 |   1912 |      2 |      0 |   1662 |   2 |  957.0 |
       Dungeon |   1914 |   1912 |      2 |      0 |   1662 |   2 |  957.0 |
               +--------+--------+--------+--------+--------+-----+--------+

Top non-repeatable levels by time:
     D:1: 1447 daAuts
     D:2: 467 daAuts
